Map: Selva profunda EE

Players

MrFercho - Winner!

  • Race: Zerg Zerg
  • League: Gold
  • Spawn Location: 7:00

tigro - Winner!

  • Race: Terran Terran
  • League: Bronze
  • Spawn Location: 7:00

TATORREA - Winner!

  • Race: Protoss Protoss
  • League: Gold
  • Spawn Location: 7:00

Diaboli

  • Race: Protoss Protoss
  • League: Silver
  • Spawn Location: 1:00

Andreita

  • Race: Protoss Protoss
  • Spawn Location: 1:00

mjunix

  • Race: Terran Terran
  • League: Gold
  • Spawn Location: 3:00

VOD

Have the link to the VOD?

Description

Time

  • Played on: July 27, 2020, 9:11 p.m.
  • Length: 17:18
Show
View Real Time Build Order
Export as new Build Order

MrFercho Zerg - Winner!

Build Orders: Hatch First 

Get SALT Encoding   

  12  0:01  Drone  
  13  0:15  Overlord  
  13  0:21  Drone  
  14  0:34  Drone  
  14  0:35  Drone  
  16  0:43  Drone  
  17  1:05  Drone x2  
  17  1:08  Hatchery  
  18  1:19  Extractor  
  18  1:21  Drone  
  18  1:22  Spawning Pool, Drone  
  18  1:31  Drone  
  19  1:44  Drone  
  20  1:55  Overlord  
  20  2:09  Queen  
  22  2:16  Zergling x2  
  22  2:18  Drone  
  22  2:20  Drone  
  25  2:25  Drone  
  26  2:34  Drone  
  27  2:40  Queen  
  27  2:41  Drone  
  30  2:44  Metabolic Boost  
  30  2:46  Drone x2  
  32  2:57  Lair  
  32  3:05  Baneling Nest  
  32  3:07  Drone x4  
  32  3:08  Evolution Chamber  
  34  3:15  Overlord  
  34  3:27  Drone x2  
  36  3:35  Zerg Melee Weapons Level 1  
  36  3:40  Evolution Chamber  
  35  3:41  Drone x2  
  35  3:42  Drone  
  35  3:43  Drone  
  35  3:45  Overlord  
  35  3:47  Queen  
  41  3:54  Hatchery  
  40  3:56  Drone x3  
  40  3:57  Hatchery  
  42  4:06  Zerg Ground Armor Level 1  
  42  4:07  Centrifical Hooks  
  42  4:10  Zergling x12  
  48  4:27  Overlord x2  
  48  4:35  Zergling x8  
  52  4:46  Zergling x2  
  52  4:47  Zergling x2  
  54  4:58  Queen  
  56  5:00  Zergling x8  
  56  5:01  Zergling x8  
  56  5:05  Baneling x9  
  56  5:06  Baneling x5  
  64  5:07  Zergling x4  
  64  5:13  Zergling x6  
  69  5:32  Overlord  
  69  5:33  Overlord x2  
  69  5:34  Zergling x6  
  70  5:38  Zergling x14  
  70  5:41  Zergling x2  
  64  5:49  Zergling x4  
  59  6:02  Zergling x20  
  53  6:19  Zerg Melee Weapons Level 2  
  53  6:20  Zerg Ground Armor Level 2  
  53  6:22  Zergling x14  
  53  6:23  Zergling x8  
  50  6:48  Zergling x24  
  50  6:49  Zergling x4  
  57  6:55  Zergling x14  
  53  7:21  Zergling x2  
  53  7:22  Zergling x18  
  54  7:29  Zergling x6  
  47  7:58  Zergling x2  
  47  7:59  Zergling x16  
  47  8:01  Overlord x3  
  56  8:07  Extractor  
  56  8:11  Hydralisk Den  
  51  8:20  Zergling x2  
  51  8:21  Zergling x8  
  56  8:36  Zergling x20  
  56  8:41  Hatchery  
  65  8:50  Zergling x2  
  65  8:51  Zergling x6  
  69  8:56  Grooved Spines  
  69  9:01  Lurker Den  
  68  9:05  Zergling x2, Infestation Pit  
  68  9:06  Zergling x22  
  68  9:09  Baneling  
  79  9:10  Baneling x16  
  79  9:26  Overlord x5  
  71  10:07  Muscular Augments  
  62  10:19  Zergling x2  
  62  10:20  Zergling x50  
  62  10:21  Zergling x12  
  72  10:33  Hive  
  72  10:39  Drone x9  
  49  11:04  Zergling x2  
  49  11:05  Zergling x24  
  61  11:16  Hydralisk x3  
  66  11:20  Zerg Missile Weapons Level 1  
  53  11:40  Hydralisk x11  
  73  11:54  Hydralisk  
  73  11:55  Hydralisk x5  
  83  12:09  Adrenal Glands  
  83  12:15  Hydralisk x3  
  85  12:21  Extractor  
  88  12:23  Extractor  
  88  12:25  Drone  
  88  12:26  Drone x7  
  95  12:40  Seismic Spines  
  95  12:48  Hydralisk  
  95  12:49  Hydralisk x2  
  101  12:59  Hydralisk x3  
  107  13:07  Hydralisk x2  
  107  13:09  Hydralisk  
  113  13:15  Hydralisk  
  111  13:26  Hydralisk x3  
  85  13:43  Extractor  
  85  13:44  Zerg Missile Weapons Level 2  
  85  13:45  Extractor  
  77  13:58  Zerg Melee Weapons Level 3  
  77  13:59  Zergling x2  
  77  14:00  Zergling x54  
  77  14:01  Zergling x16  
  113  14:06  Lurker  
  113  14:07  Lurker  
  115  14:11  Lurker  
  116  14:17  Zergling x6  
  116  14:18  Zergling x2  
  80  14:55  Zergling x4  
  80  14:56  Zergling x28  
  88  15:10  Overseer x4  
  88  15:11  Overseer  
  88  15:18  Hydralisk  
  88  15:19  Hydralisk x7  
  104  15:42  Adaptive Talons  
  98  16:01  Zergling x16  
  98  16:02  Zergling x14  
  98  16:13  Zergling x6  
  90  16:52  Hydralisk x7  
Show
View Real Time Build Order
Export as new Build Order

tigro Terran - Winner!

Build Orders:  

Get SALT Encoding   

  12  0:14  SCV  
  12  0:17  Supply Depot  
  13  0:26  SCV  
  14  0:39  SCV  
  15  0:44  Barracks  
  15  0:50  Refinery  
  15  0:51  SCV  
  16  1:07  Engineering Bay  
  16  1:09  SCV  
  17  1:21  SCV  
  18  1:31  Marine  
  19  1:48  Marine  
  19  1:54  SCV  
  21  2:05  Refinery  
  21  2:06  Marine, SCV  
  23  6:30  SCV  
  23  6:31  Marine  
  22  6:43  SCV  
  23  7:20  SCV  
  23  15:04  Orbital Command  
Show
View Real Time Build Order
Export as new Build Order

TATORREA Protoss - Winner!

Build Orders: 1 Gate Expand 

Get SALT Encoding   

  12  0:04  Probe  
  13  0:16  Probe  
  14  0:27  Pylon  
  14  0:29  Probe  
  15  0:45  Probe  
  16  0:53  Gateway  
  16  0:57  Probe  
  17  1:09  Probe  
  18  1:16  Assimilator  
  18  1:19  Pylon  
  18  1:21  Probe  
  19  1:33  Probe  
  19  1:38  Nexus  
  20  1:45  Probe  
  21  1:57  Probe  
  21  2:01  Cybernetics Core  
  22  2:10  Probe  
  22  2:20  Gateway  
  22  2:22  Probe  
  23  2:23  Gateway  
  23  2:25  Gateway  
  23  2:34  Warp Gate (Chrono Boost)  
  23  2:39  Assimilator  
  23  2:43  Probe  
  24  2:55  Probe  
  25  3:00  Probe  
  25  3:02  Pylon  
  26  3:06  Pylon  
  26  3:07  Probe  
  26  3:09  Twilight Council  
  26  3:11  Robotics Facility  
  26  3:12  Pylon, Probe  
  28  3:19  Probe, Zealot x2  
  33  3:24  Probe, Zealot  
  36  3:28  Zealot  
  36  3:32  Probe  
  39  3:34  Charge (Chrono Boost)  
  39  3:36  Probe  
  40  3:44  Probe  
  41  3:49  Probe  
  42  3:56  Probe  
  42  4:00  Warp Prism (Chrono Boost)  
  42  4:01  Probe  
  46  4:08  Probe  
  47  4:14  Probe  
  48  4:19  Assimilator  
  48  4:20  Probe  
  48  4:21  Assimilator  
  49  4:26  Immortal (Chrono Boost), Pylon, Probe  
  49  4:30  Pylon  
  54  4:32  Probe  
  54  4:38  Gateway, Probe  
  56  4:41  Gateway  
  56  4:43  Gateway  
  56  4:44  Probe  
  57  4:50  Probe  
  58  4:56  Probe  
  59  5:02  Probe  
  60  5:09  Immortal  
  60  5:13  Zealot x4  
  72  5:37  Zealot x4  
  72  5:38  Zealot  
  70  6:01  Zealot x2  
  70  6:02  Zealot x4  
  70  6:03  Zealot  
  74  6:24  Zealot x4  
  74  6:25  Zealot x2  
  82  6:45  Zealot  
  82  6:46  Zealot  
  76  7:05  Zealot  
  74  7:21  Zealot x2  
  57  7:44  Zealot  
  57  7:45  Zealot x4  
  57  7:46  Zealot  
  57  7:59  Probe x2  
  57  8:11  Probe x2  
  51  8:23  Probe  
  52  8:50  Nexus  
  52  8:52  Pylon  
  52  8:53  Pylon  
  52  8:55  Pylon  
  52  8:57  Probe x2  
  52  9:00  Pylon  
  54  9:09  Probe  
  56  9:10  Probe  
  56  9:12  Forge  
  56  9:14  Forge  
  56  9:15  Cybernetics Core x2  
  56  9:16  Forge  
  56  9:18  Gateway  
  56  9:21  Gateway  
  56  9:22  Templar Archives  
  56  9:28  Probe x2  
  58  9:31  Zealot  
  58  9:32  Zealot x4  
  58  9:33  Zealot  
  58  9:36  Gateway  
  58  9:38  Immortal  
  74  9:40  Probe x2  
  76  9:45  Protoss Ground Weapons Level 1 (Chrono Boost)  
  76  9:46  Protoss Ground Armor Level 1 (Chrono Boost), Protoss Shields Level 1 (Chrono Boost)  
  76  9:50  Gateway  
  76  9:52  Gateway, Probe  
  76  9:53  Probe  
  76  9:54  Gateway  
  76  9:58  Gateway  
  78  10:00  Gateway  
  78  10:03  Psionic Storm  
  78  10:05  Probe x2  
  80  10:10  Assimilator  
  80  10:12  Assimilator, Stargate  
  80  10:14  Stargate  
  80  10:16  Nexus  
  80  10:17  Probe x2  
  80  10:18  Pylon, Stargate  
  80  10:20  Zealot x2  
  80  10:21  Stargate, Pylon, Zealot x4  
  90  10:27  Probe  
  95  10:29  Probe x2  
  97  10:39  Probe  
  98  10:43  Probe  
  98  10:44  Probe  
  100  10:53  Blink (Chrono Boost)  
  100  11:02  Protoss Air Weapons Level 1  
  100  11:03  Void Ray x2, Protoss Air Armor Level 1  
  108  11:05  Void Ray  
  108  11:06  Void Ray  
  109  11:19  Pylon  
  109  11:22  Pylon  
  99  11:26  Pylon  
  99  11:28  Zealot x5  
  99  11:29  Zealot x2  
  91  11:42  Stalker x2  
  91  11:43  Stalker x2  
  91  11:44  Stalker  
  79  12:08  Zealot  
  79  12:09  Zealot x4  
  79  12:10  Zealot x4  
  79  12:11  Zealot x2  
  101  12:26  Probe x4  
  105  12:37  Void Ray  
  105  12:38  Fleet Beacon, Probe x4  
  113  12:52  Void Ray  
  113  12:53  Void Ray  
  121  13:00  Zealot  
  121  13:01  Zealot x2  
  121  13:02  Zealot  
  129  13:10  Protoss Ground Weapons Level 2 (Chrono Boost)  
  129  13:11  Protoss Ground Armor Level 2 (Chrono Boost)  
  129  13:13  Zealot x3  
  129  13:14  Protoss Shields Level 2 (Chrono Boost), Zealot x2  
  129  13:15  Probe  
  129  13:16  Assimilator, Probe x2  
  129  13:19  Assimilator  
  114  13:41  Zealot  
  114  13:42  Zealot x4  
  114  13:43  Zealot x3  
  110  13:58  Unknown  
  110  14:01  Zealot x3  
  110  14:02  Zealot x4  
  112  14:03  Zealot x3  
  118  14:12  Immortal (Chrono Boost)  
  122  14:20  Carrier  
  128  14:30  Probe x2  
  130  14:44  Zealot x3  
  130  14:45  Zealot x4  
  142  14:50  Nexus  
  141  14:53  Pylon  
  141  14:55  Pylon  
  118  15:07  Observer (Chrono Boost)  
  97  16:20  Probe x4  
  97  16:25  Zealot x4  
  107  16:26  Zealot x3  
  107  16:27  Zealot x4  
  107  16:28  Zealot x3  
  107  16:32  Probe x3  
  124  16:49  Probe x4  
  128  17:01  Probe x4  
  132  17:04  Nexus  
  132  17:05  Pylon  
  132  17:08  Pylon  
  132  17:12  Assimilator  
Show
View Real Time Build Order
Export as new Build Order

Diaboli Protoss 

Build Orders:  

Get SALT Encoding   

  12  0:16  Pylon  
  12  0:20  Probe  
  13  0:32  Probe  
  14  0:38  Gateway  
  14  1:02  Probe (Chrono Boost)  
  16  1:13  Probe (Chrono Boost)  
  16  1:17  Probe (Chrono Boost)  
  17  1:28  Probe  
  17  1:30  Cybernetics Core  
  18  1:36  Assimilator  
  18  2:25  Pylon  
  18  2:32  Gateway  
  18  2:34  Assimilator  
  18  2:35  Gateway  
  17  2:43  Gateway  
  17  2:47  Gateway  
  17  2:48  Warp Gate (Chrono Boost)  
  17  2:51  Gateway  
  17  3:13  Pylon  
  17  3:31  Twilight Council  
  17  3:46  Probe  
  18  3:58  Probe  
  19  4:05  Charge (Chrono Boost)  
  19  4:10  Probe  
  20  4:22  Probe  
  21  4:27  Stalker x2  
  25  4:47  Zealot  
  25  4:48  Zealot x3  
  25  4:50  Zealot  
  25  4:51  Zealot  
  37  5:20  Pylon  
  37  5:26  Nexus  
  37  5:31  Stalker  
  37  5:35  Blink (Chrono Boost)  
  33  6:31  Stalker x2  
  33  6:32  Stalker x3  
  39  6:33  Stalker  
  31  6:55  Zealot  
  31  6:56  Zealot x3  
  3  8:48  Probe  
  4  9:19  Probe  
  5  9:43  Probe  
  6  9:59  Probe  
  5  10:13  Probe  
  6  10:28  Probe  
  7  10:40  Probe  
  8  10:43  Probe (Chrono Boost)  
  9  10:55  Probe (Chrono Boost)  
  10  11:04  Probe (Chrono Boost)  
  11  11:10  Probe x2  
  13  11:24  Probe (Chrono Boost)  
  15  11:26  Probe (Chrono Boost)  
  15  11:35  Probe (Chrono Boost)  
  16  11:52  Dark Shrine  
  16  12:23  Probe (Chrono Boost)  
  17  12:34  Probe (Chrono Boost)  
  17  12:37  Probe (Chrono Boost)  
  19  12:38  Probe (Chrono Boost)  
  20  12:46  Probe  
  20  12:48  Stalker  
  20  12:49  Stalker x2  
  20  12:50  Probe  
  28  12:58  Probe  
  29  13:02  Probe  
  31  13:14  Probe x2 (Chrono Boost)  
  30  13:23  Probe (Chrono Boost)  
  30  13:24  Dark Templar x3  
  30  13:25  Probe (Chrono Boost)  
  36  13:28  Probe (Chrono Boost)  
  35  13:40  Probe  
  36  14:12  Zealot  
  36  14:13  Zealot x3  
  44  14:32  Probe (Chrono Boost)  
  45  14:42  Probe (Chrono Boost)  
  45  14:43  Assimilator  
  47  14:46  Probe (Chrono Boost)  
  47  14:47  Probe (Chrono Boost)  
  48  14:56  Probe  
  48  14:58  Probe  
  42  15:10  Probe  
  43  15:14  Stalker x2  
  43  15:15  Stalker x2  
  51  15:45  Zealot x2  
  51  15:46  Zealot x2  
  49  16:26  Stalker x4  
  37  16:50  Dark Templar x4  
Show
View Real Time Build Order
Export as new Build Order

Andreita Protoss 

Build Orders:  

Get SALT Encoding   

  12  0:01  Probe  
  13  0:15  Pylon  
  13  0:19  Probe  
  14  0:32  Probe  
  15  0:38  Gateway  
  15  0:44  Probe  
  15  0:48  Assimilator  
  16  0:56  Probe (Chrono Boost)  
  17  1:05  Probe (Chrono Boost)  
  17  1:10  Probe (Chrono Boost)  
  18  1:17  Gateway  
  19  1:22  Assimilator  
  19  1:30  Probe (Chrono Boost)  
  20  1:38  Cybernetics Core  
  21  1:40  Probe (Chrono Boost)  
  21  1:45  Probe (Chrono Boost)  
  22  1:56  Probe  
  23  2:02  Pylon  
  23  2:06  Pylon  
  23  2:18  Warp Gate (Chrono Boost)  
  23  2:20  Stalker x2, Probe  
  28  2:32  Gateway  
  28  2:50  Zealot x2  
  32  3:10  Pylon  
  32  3:15  Pylon  
  32  3:36  Nexus  
  32  3:42  Pylon  
  32  3:47  Pylon  
  32  4:07  Assimilator  
  32  4:09  Assimilator  
  32  4:14  Pylon  
  32  4:34  Stalker x2  
  32  4:35  Stalker  
  38  4:48  Probe (Chrono Boost)  
  39  4:59  Probe (Chrono Boost)  
  40  5:01  Gateway  
  40  5:03  Gateway  
  40  5:04  Probe (Chrono Boost)  
  40  5:06  Twilight Council  
  41  5:10  Zealot  
  41  5:11  Zealot  
  45  5:15  Probe  
  45  5:16  Zealot  
  48  5:27  Probe  
  41  5:55  Stalker x3  
  35  6:05  Stalker x2  
  26  6:21  Stalker x2  
  26  6:22  Stalker  
  22  6:47  Stalker x2  
  7  7:23  Stalker x2  
  11  7:39  Probe  
  12  7:52  Pylon  
  12  8:00  Probe (Chrono Boost)  
  13  8:11  Probe (Chrono Boost)  
  14  8:23  Probe (Chrono Boost)  
  16  8:34  Probe (Chrono Boost)  
  17  8:42  Probe (Chrono Boost)  
  17  8:45  Probe (Chrono Boost)  
  19  8:50  Probe (Chrono Boost)  
  19  8:53  Probe (Chrono Boost)  
  20  8:58  Probe x2 (Chrono Boost)  
  22  9:08  Probe (Chrono Boost)  
  24  9:18  Probe (Chrono Boost)  
  24  9:19  Probe (Chrono Boost)  
  25  9:26  Probe (Chrono Boost)  
  25  9:27  Probe (Chrono Boost)  
  25  9:30  Probe (Chrono Boost)  
  27  9:36  Probe (Chrono Boost)  
  29  9:38  Stalker  
  29  9:39  Stalker x2  
  29  9:42  Probe (Chrono Boost)  
  36  9:50  Probe (Chrono Boost)  
  38  9:52  Probe (Chrono Boost)  
  38  9:58  Probe (Chrono Boost)  
  40  10:00  Probe (Chrono Boost)  
  40  10:03  Probe (Chrono Boost)  
  29  10:08  Probe  
  17  10:22  Probe (Chrono Boost)  
  17  10:27  Sentry x3  
  24  10:33  Probe (Chrono Boost)  
  25  10:37  Probe (Chrono Boost)  
  25  10:38  Assimilator  
  25  10:42  Assimilator  
  26  10:47  Stalker  
  26  10:48  Probe (Chrono Boost)  
  29  10:59  Probe (Chrono Boost)  
  26  11:04  Probe (Chrono Boost)  
  27  11:14  Probe  
  28  11:27  Probe  
  29  11:40  Stalker x2  
  30  12:15  Probe (Chrono Boost)  
  30  12:19  Zealot x2  
  30  12:21  Stalker x2  
  38  12:25  Probe (Chrono Boost)  
  39  12:30  Probe (Chrono Boost)  
  40  12:47  Stalker  
  40  12:48  Stalker x3  
  48  12:58  Probe (Chrono Boost)  
  49  13:08  Probe (Chrono Boost)  
  50  13:13  Probe (Chrono Boost)  
  51  13:24  Probe  
  48  13:27  Nexus  
  48  13:36  Probe  
  48  13:38  Stalker x4  
  48  13:39  Stalker  
  39  14:03  Stalker x3  
  39  14:04  Stalker x2  
  49  14:14  Pylon  
  49  14:15  Pylon  
  49  14:20  Assimilator  
  49  14:21  Assimilator  
  37  14:42  Stalker x2  
  37  14:43  Stalker x3  
  43  14:54  Probe (Chrono Boost)  
  44  15:05  Probe (Chrono Boost)  
  43  15:10  Probe (Chrono Boost)  
  42  15:20  Stalker x3  
  42  15:21  Stalker, Probe  
  45  15:34  Probe (Chrono Boost)  
  47  15:44  Probe (Chrono Boost)  
  47  15:45  Charge (Chrono Boost)  
  47  15:46  Probe (Chrono Boost)  
  47  15:49  Probe (Chrono Boost)  
  48  15:54  Probe  
  44  15:59  Stalker  
  44  16:00  Stalker x2, Probe  
  34  16:06  Probe  
  29  16:12  Probe  
  26  16:18  Probe  
  26  16:29  Zealot  
  26  16:30  Robotics Facility, Zealot x2  
  31  16:39  Probe (Chrono Boost)  
  32  16:49  Probe (Chrono Boost)  
  33  16:54  Probe (Chrono Boost)  
Show
View Real Time Build Order
Export as new Build Order

mjunix Terran 

Build Orders:  

Get SALT Encoding   

  12  0:00  SCV  
  13  0:12  SCV  
  14  0:19  Supply Depot  
  14  0:24  SCV  
  15  0:40  SCV, Refinery  
  15  0:41  Refinery  
  16  0:51  Barracks  
  16  0:55  SCV  
  17  1:07  SCV  
  18  1:19  SCV  
  19  1:31  SCV  
  20  1:39  Marine  
  21  1:45  Factory  
  21  1:46  Orbital Command  
  21  1:56  Marine  
  22  2:12  SCV  
  23  2:16  Barracks Reactor  
  23  2:17  Supply Depot  
  23  2:21  Barracks  
  23  2:30  Factory Tech Lab  
  23  2:38  Starport  
  23  2:39  SCV  
  23  2:42  Supply Depot  
  24  2:48  Siege Tank  
  24  2:51  SCV  
  28  2:55  Marine x2  
  30  3:03  SCV  
  31  3:07  Supply Depot  
  31  3:09  Barracks Tech Lab  
  31  3:12  Marine  
  31  3:13  Marine  
  31  3:16  Starport Reactor  
  31  3:19  SCV  
  34  3:25  Siege Tank  
  37  3:30  Marine x2  
  39  3:35  SCV  
  40  3:43  Stimpack  
  40  3:59  Marine x2  
  42  4:06  Engineering Bay  
  42  4:15  Command Center  
  42  4:16  Supply Depot  
  42  4:17  Medivac  
  44  4:25  Marine x3  
  47  4:37  Medivac  
  49  4:43  Marine  
  50  4:45  Terran Infantry Weapons Level 1  
  50  4:49  Missile Turret  
  50  4:53  Marine x2  
  52  5:08  Missile Turret  
  52  5:17  Marine x3  
  55  5:23  Combat Shield  
  55  5:26  Medivac  
  57  5:31  Orbital Command  
  46  5:47  Marine x3  
  49  6:00  Medivac  
  51  6:05  Marine x3  
  54  6:17  Hellion  
  56  6:22  Marine, SCV x2  
  56  6:23  Marine x2  
  58  6:40  Marine x2  
  58  6:41  Marine  
  60  7:00  Marine x3  
  63  7:02  Hellion  
  63  7:03  Medivac x2  
  61  7:17  Marine  
  61  7:18  Marine  
  61  7:19  Marauder  
  62  7:23  Hellion  
  63  7:35  Marine x2  
  65  7:40  Marine  
  65  7:42  SCV  
  58  7:45  Hellion  
  50  7:53  Marine  
  50  7:54  SCV  
  49  8:05  SCV  
  49  8:06  SCV  
  49  8:09  Refinery  
  49  8:11  Refinery  
  49  8:13  Factory  
  49  8:16  Armory, Terran Infantry Armor Level 1, Factory  
  49  8:17  SCV  
  49  8:18  Marauder, Marine x2, SCV  
  49  8:19  Concussive Shells  
  54  8:30  SCV x2  
  56  8:42  SCV  
  57  8:54  SCV  
  57  8:55  Infernal Pre-Igniter, Hellion  
  60  9:02  Missile Turret  
  60  9:03  Supply Depot  
  60  9:04  Medivac x2  
  60  9:06  Supply Depot x2, SCV  
  60  9:08  SCV  
  66  9:16  Hellion  
  68  9:18  SCV  
  68  9:20  SCV  
  70  9:28  Factory Reactor  
  70  9:29  Factory Tech Lab  
  70  9:34  Terran Vehicle And Ship Armor Level 1  
  70  9:37  Marauder, Marine x2  
  74  9:41  SCV x2  
  76  9:54  Marine  
  76  9:55  Marine  
  76  9:57  Smart Servos  
  76  9:58  Marauder  
  80  10:03  Supply Depot  
  80  10:05  Supply Depot  
  74  10:12  Marine x2  
  71  10:20  Marauder  
  71  10:23  Hellbat x3  
  71  10:25  SCV  
  78  10:30  Marine  
  78  10:33  Supply Depot  
  79  10:37  SCV  
  79  10:41  Marauder, Terran Infantry Armor Level 2  
  81  10:59  Marine x2  
  81  11:02  Marauder  
  81  11:10  SCV x2  
  82  11:24  Marauder, SCV  
  82  11:29  Hellbat x3  
  74  11:43  Marine x2  
  74  11:45  Marauder  
  73  11:50  Hellbat  
  73  11:58  Hellion, Cyclone x2  
  73  12:00  Marine  
  73  12:01  Marine  
  78  12:06  Marauder  
  80  12:11  Hellion  
  80  12:13  SCV x2  
  84  12:18  Marine x2, Missile Turret  
  86  12:25  Command Center, SCV  
  86  12:26  Medivac, SCV  
  86  12:28  Marauder  
  92  12:36  Marine x2  
  94  12:38  Mag-Field Accelerator  
  95  12:44  SCV  
  95  12:49  Marauder  
  97  12:51  Missile Turret  
  97  12:59  Thor  
  97  13:00  Marine x2  
  105  13:10  Terran Infantry Weapons Level 2, Marine  
  105  13:11  Supply Depot  
  98  13:30  Marauder, Marine x2  
  90  13:48  Marine x2  
  79  13:51  Marauder  
  79  14:02  Cyclone  
  82  14:03  Cyclone  
  82  14:04  Hellion  
  82  14:05  Hellion  
  82  14:06  Marine x2  
  91  14:12  Marine  
  92  14:23  Marine x2  
  94  14:28  Missile Turret  
  94  14:30  Marine, Missile Turret  
  95  14:41  Marine x2  
  89  14:48  Supply Depot, Marine, Missile Turret  
  89  14:51  Cyclone  
  93  14:59  Marine x2  
  84  15:06  Marine  
  71  15:09  Supply Depot  
  71  15:12  Planetary Fortress, SCV x2  
  71  15:14  Missile Turret  
  73  15:17  Marine  
  72  15:24  Marauder, SCV  
  71  15:35  SCV  
  72  15:36  SCV  
  72  15:38  Refinery  
  72  15:40  Refinery  
  73  15:46  Marauder  
  73  15:47  SCV  
  73  15:48  SCV  
  77  15:59  SCV  
  77  16:00  SCV  
  71  16:15  Marauder, Marine x2  
  66  16:19  Hellion x4  
  70  16:33  Marine x2  
  70  16:37  Marauder  
  70  16:40  Siege Tank  
Tags
 
Add a new tag
Caveats
  • Supply blocks, unpowered buildings, or Contaminate may cause inaccurate times.
  • Supply counts are checked every 10 seconds.